 Dungeon Crawl Stone Soup version 0.30.1-3-gfc49f6343a (webtiles) character file.

Game seed: 11120173926680442385

128 nifboy the Conjurer (level 4, -2/34 HPs)
             Began as a Draconian Conjurer on Aug 3, 2023.
             Slain by an iguana (7 damage)
             ... on level 3 of the Dungeon.
             The game lasted 00:17:11 (2361 turns).

nifboy the Conjurer (Draconian Conjurer)            Turns: 2361, Time: 00:17:13

Health: -2/34      AC:  5    Str: 10    XL:     4   Next: 87%
Magic:  0/7        EV: 12    Int: 20    God:
Gold:   266        SH:  0    Dex:  9    Spells: 6/7 levels left

rFire   . . .        l - +2 dagger (vamp)
rCold   . . .        (no shield)
rNeg    . . .        (body armour unavailable)
rPois   .            (helmet restricted)
rElec   .            (no cloak)
rCorr   .            (no gloves)
SInv    .            (no boots)
Will    .....        (no amulet)
Stlth   ++           (no ring)
HPRegen 0.25/turn    (no ring)
MPRegen 0.10/turn

%: no passive effects
@: no status effects
A: AC +5, unfitting armour, cold-blooded
a: no special abilities


You were on level 3 of the Dungeon.
You visited 1 branch of the dungeon, and saw 4 of its levels.

You collected 266 gold pieces.

Inventory:

Hand Weapons
 c - a +0 club
 e - a +1 dagger of draining
 l - a +2 vampiric dagger (weapon)
 n - a +1 mace of venom
Missiles
 d - 11 stones
 k - 2 atropa-tipped darts
 t - 2 curare-tipped darts
Scrolls
 b - a scroll of enchant armour {unknown}
 f - a scroll of magic mapping {unknown}
 g - 3 scrolls of identify {unknown}
 i - a scroll of vulnerability {unknown}
 j - a scroll of enchant weapon {unknown}
 q - a scroll of poison {unknown}
 r - a scroll of fog {unknown}
Potions
 a - 3 potions of magic
 h - 2 potions of curing {unknown}
 m - a potion of mutation {unknown}
 o - 2 potions of attraction {unknown}
 p - a potion of degeneration {unknown}
 u - a potion of haste {unknown}


   Skills:
 + Level 0.8 Fighting
 + Level 1.4 Short Blades
 + Level 0.1 Throwing
 + Level 2.5 Dodging
 + Level 2.1 Stealth
 + Level 2.2 Spellcasting
 + Level 5.1 Conjurations


You had 6 spell levels left.
You knew the following spells:

 Your Spells              Type           Power      Damage    Failure   Level
a - Magic Dart            Conj           88%        1d7       1%          1

Your spell library contained the following spells:

 Spells                   Type           Power      Damage    Failure   Level
 Searing Ray              Conj           44%        2d6       2%          2
 Dazzling Flash           Conj/Hex       24%        N/A       16%         3
 Fulminant Prism          Conj/Hex       6%         3d7       47%         4
 Iskenderun's Mystic Bla  Conj/Tloc      12%        2d5       47%         4


Dungeon Overview and Level Annotations

Branches:
Dungeon (4/15)
 Temple: D:4-7

Altars:

Shops:
D:1 =


Innate Abilities, Weirdness & Mutations

Your plain brown scales are hard. (AC +5)
You cannot fit into any form of body armour.
You are cold-blooded and may be slowed by cold attacks.


Message History

The iguana bites you!
Aiming: Magic Dart (safe; 1% risk of failure)
Press: ? - help, Q - select action, (/) - cycle Shift-Dir - straight line, f/p - iguana
Aim: an iguana (lightly wounded, 100% to hit)
The magic dart hits the iguana.
The iguana is moderately wounded.
The iguana barely misses you.
Aiming: Magic Dart (safe; 1% risk of failure)
Press: ? - help, Q - select action, (/) - cycle Shift-Dir - straight line, f/p - iguana
Aim: an iguana (moderately wounded, 100% to hit)
The magic dart hits the iguana but does no damage.
The iguana is moderately wounded.
The iguana bites you.
Aiming: Magic Dart (safe; 1% risk of failure)
Press: ? - help, Q - select action, (/) - cycle Shift-Dir - straight line, f/p - iguana
Aim: an iguana (moderately wounded, 100% to hit)
The magic dart hits the iguana.
The iguana is moderately wounded.
The iguana misses you.
Casting: Magic Dart (safe; 1% risk of failure)
Confirm with . or Enter, or press ? or * to list all spells.
Okay, then.
Aiming: Throw Flame
Press: ? - help, Shift-Dir - straight line, f/p - iguana
Aim: an iguana (moderately wounded, 72% to hit)
The puff of flame hits the iguana.
The iguana is heavily wounded.
The iguana bites you!
* * * LOW HITPOINT WARNING * * *
Aiming: Throw Flame
Press: ? - help, Shift-Dir - straight line, f/p - iguana
Aim: an iguana (heavily wounded, 72% to hit)
The puff of flame misses the iguana.
The iguana closely misses you.
Aiming: Throw Flame
Press: ? - help, Shift-Dir - straight line, f/p - iguana
Aim: an iguana (heavily wounded, 72% to hit)
The puff of flame hits the iguana.
The iguana is severely wounded.
The now-empty wand crumbles to dust.
The iguana bites you!
You die...

#...... ##...... #.......
#....>.. ##.......
####### #........
##.....## ##........
##.......###...##.###
#...@.....##.#.......
#....l....†..........
.####.........####.......
..............# #.......
.####.........# #.......
#........[# #.......
####.........# #.......
..#............#
#..#.##.#
.[.............###..#.#..


You could see an iguana.

Vanquished Creatures
  Jessica (D:3)
  3 adders (D:2)
  2 worms
  A dart slug (D:3)
  2 orcs (D:3)
  2 ball pythons
  9 bats
  4 endoplasms
  2 giant cockroaches (D:2)
  8 goblins
  3 hobgoblins
  7 jackals (D:1)
  5 kobolds
  4 quokkas
  5 frilled lizards
  4 rats (D:1)
62 creatures vanquished.

Notes
Turn   | Place    | Note
-------+----------+-------------------------------------------
     0 | D:1      | nifboy the Draconian Conjurer began the quest for the Orb.
     0 | D:1      | Reached XP level 1. HP: 14/14 MP: 3/3
   150 | D:1      | Found Efefap's Jewellery Shoppe.
   164 | D:1      | Reached XP level 2. HP: 20/20 MP: 5/5
   546 | D:1      | Reached XP level 3. HP: 26/26 MP: 6/6
  1079 | D:2      | Reached XP level 4. HP: 34/34 MP: 3/7
  1156 | D:2      | Reached skill level 5 in Conjurations
  1354 | D:2      | Reached skill level 1 in Short Blades
  1461 | D:3      | Noticed Jessica
  1464 | D:3      | Killed Jessica
  2361 | D:3      | Slain by an iguana

Illustrated notes

Levels and vault maps discovered:
D:1:      dpeg_arrival_subterranean_lakeside_camping, layout_rooms,
          serial_shops, nicolae_square_shop
D:2:      layout_basic, minivault_11
D:3:      layout_rooms, minmay_gold_behind_fungi, minmay_distorted,
          uniq_jessica, uniq_grinder
D:4:      layout_loops_ring, minmay_temple_entry_slanted,
          minmay_fractal_squares_diagonal_5

Skill      XL: |  1  2  3  4 |
---------------+-------------+-----
Stealth        | 2 |  2.1
Dodging        | 2 |  2.5
Conjurations   | 5 |  5.1
Short Blades   | 1 |  1.4
Fighting       | |  0.8
Throwing       | |  0.1
Spellcasting   | |  2.2

Action                     |  1- 3 |  4- 6 || total
---------------------------+-------+-------++-------
  Melee: Dagger            |    64 |    46 ||   110
         Tailslap          |     7 |     4 ||    11
  Throw: Stone             |     3 |       ||     3
   Cast: Magic Dart        |    45 |    35 ||    80
  Evoke: Wand              |       |     3 ||     3
   Stab: Sleeping          |     1 |     2 ||     3
 Armour: Skin              |    25 |    10 ||    35
  Dodge: Dodged            |    42 |    36 ||    78
